AoeStats
← Vilo41

Arena

510151411Analyzed
1v1 RM · 2d ago on Sep 29, 2026· 43m 24s· 2 players
Game mode
Random Map
Map size
Tiny (2 player)
Population
200
Speed
Normal
Resources
Standard
Victory
Conquest
Starting age
Dark Age
Ending age
Imperial Age
RankedLock teamsTeams togetherTeam positionsShared explorationLock speedFull tech treeHidden civsTurbo modeCheats
Victory
Defeat
🇦🇷 Franks · Argentina
483
+19
🇻🇪 Franks · Venezuela
541
-21
jmmoreno
13:10 Feudal Age
20:05 Castle Age
19:08 Scale Barding Armor
19:54 Forging
24:56 Chain Barding Armor
32:18 Imperial Age
32:56 Cavalier
35:55 Chemistry
35:15 Ballistics
36:00 Iron Casting
40:12 Chivalry
40:33 Conscription
39:35 Ordonnance Companies
Vilo41
10:24 Feudal Age
10:38 Man-at-Arms
11:56 Double-Bit Axe
16:55 Wheelbarrow
17:35 Fletching
21:07 Castle Age
20:54 Stone Mining
21:40 Forging
21:37 Town Watch
22:17 Bow Saw
22:06 Gambesons
25:15 Bodkin Arrow
27:07 Gold Mining
28:47 Town Patrol
34:32 Imperial Age
32:59 Pikeman
39:05 Gold Shaft Mining
40:25 Squires
42:28 Hand Cart
Connection lost

Rejoining the realm…

Still unreachable

The connection could not be restored.

Session expired

The server has moved on; the page needs a fresh start.